 Dungeon Crawl Stone Soup version 0.26-a0-466-g989023bd0d (webtiles) character file.

Game seed: 11555192922927510758

503 ReteAZ the Covert (level 7, -3/40 HPs)
             Began as a Kobold Brigand on July 30, 2020.
             Slain by an ogre
             ... wielding a +0 giant club
              (26 damage)
             ... on level 4 of the Dungeon.
             The game lasted 00:04:07 (3843 turns).

ReteAZ the Covert (Kobold Brigand)                  Turns: 3843, Time: 00:04:08

Health: -3/40      AC:  7    Str: 10    XL:     7   Next: 40%
Magic:  7/7        EV: 10    Int: 12    God:
Gold:   228        SH:  0    Dex: 17    Spells: 6/6 levels left

rFire    . . .     SeeInvis .   g - +2 falchion (elec)
rCold    + . .     Faith    .   (shield restricted)
rNeg     . . .     Spirit   .   o - +0 scale mail {rPois}
rPois    +         Reflect  .   (no helmet)
rElec    .         Harm     .   c - +0 cloak
rCorr    .                      (no gloves)
MR       .....                  (no boots)
Stlth    ++++......             (no amulet)
HPRegen  0.13/turn              x - ring of protection from cold
MPRegen  0.10/turn              (no ring)

@: no status effects
A: small, nightstalker 3
a: no special abilities


You were on level 4 of the Dungeon.
You visited 1 branch of the dungeon, and saw 4 of its levels.

You collected 228 gold pieces.

Inventory:

Hand Weapons
 a - a +2 dagger
 g - a +2 falchion of electrocution (weapon)
 p - a +0 dagger of venom
 y - a +0 rapier
Missiles
 d - a poisoned dart (quivered)
 e - a curare-tipped dart
 z - 2 boomerangs of dispersal
Armour
 b - a +0 robe
 c - a +0 cloak (worn)
 o - a +0 scale mail of poison resistance (worn)
Jewellery
 x - a ring of protection from cold (left hand)
Wands
 v - a wand of enslavement (13)
Scrolls
 f - a scroll of fear {unknown}
 i - a scroll of enchant armour {unknown}
 j - 2 scrolls of remove curse {unknown}
 m - 2 scrolls of amnesia {unknown}
 n - a scroll of identify {unknown}
 r - 3 scrolls of teleportation {unknown}
 w - a scroll of blinking {unknown}
Potions
 h - a potion of lignification {unknown}
 k - a potion of magic {unknown}
 l - a potion of curing {unknown}
 q - a potion of cancellation {unknown}
 s - 2 potions of haste {unknown}
 t - 2 potions of heal wounds {unknown}
 u - a potion of flight {unknown}


   Skills:
 - Level 2.1 Fighting
 - Level 6.3 Short Blades
 - Level 2.1 Throwing
 - Level 1.2 Dodging
 + Level 9.9 Stealth


You had 6 spell levels left.
You didn't know any spells.
Your spell library was empty.

Dungeon Overview and Level Annotations

Branches:
Dungeon (4/15)
 Temple: D:4-7

Altars:
Okawaru
Ru


Innate Abilities, Weirdness & Mutations

You are small and have problems with some larger weapons.
You are completely attuned to the shadows.


Message History

The ogre is poisoned.
Throwing (i - inventory. (/) - cycle)
d - 3 poisoned darts (quivered)
Press: ? - help, Shift-Dir - straight line, f/p - ogre
Aim: an ogre, wielding a +0 giant club (poisoned)
You throw a poisoned dart. The poisoned dart hits the ogre.
The ogre looks even sicker.
Throwing (i - inventory. (/) - cycle)
d - 2 poisoned darts (quivered)
Press: ? - help, Shift-Dir - straight line, f/p - ogre
Aim: an ogre, wielding a +0 giant club (heavily wounded, poisoned)
You throw a poisoned dart. The poisoned dart hits the ogre.
The ogre looks even sicker.
The ogre is heavily wounded.
You hit the ogre but do no damage.
The ogre is severely wounded.
The ogre hits you with a +0 giant club!
You hit the ogre.
The ogre is almost dead.
The ogre hits you with a +0 giant club!!
Ouch! That really hurt!
You die...

..#.......###.#.##...###.#
..#...........#.###.## #.#
..........#####.# #.# #.#
..........# #.# #.# #.#
.#.##.##....... #.# #.#
#..##....... ... #.# #.#
##.......### #.. #.#
#..##.####
#.#########.#### (.....#
#.O@...........# ......##
#.#########.##.#
.......#######.# #.##.#
..#.)..(.......# #.##.#
.......######..# .. #.#
.#.##.## #(.# #.# ##.##.#
#(.# #.# #...... ..(# #.#
#.###... #.#


You could see an ogre (poisoned).

Vanquished Creatures
  A water moccasin (D:4)
  2 ogres (D:4)
  A hound (D:2)
  Terence (D:2)
  3 worker ants (D:4)
  3 adders
  An ufetubus (D:4)
  2 oozes
  2 dart slugs (D:3)
  A leopard gecko (D:3)
  7 orcs
  6 bats
  2 giant cockroaches
  5 goblins
  7 hobgoblins
  3 quokkas
  3 ball pythons
  7 frilled lizards
  A jackal skeleton (D:4)
  4 kobolds
  4 rats
66 creatures vanquished.

Notes
Turn   | Place    | Note
-------+----------+-------------------------------------------
     0 | D:1      | ReteAZ the Kobold Brigand began the quest for the Orb.
     0 | D:1      | Reached XP level 1. HP: 12/12 MP: 1/1
   208 | D:1      | Found an iron altar of Okawaru.
   330 | D:1      | Reached XP level 2. HP: 4/17 MP: 2/2
   751 | D:1      | You fall into a shaft and drop 1 floor!
   769 | D:2      | Found a sacrificial altar of Ru.
   869 | D:2      | Noticed Terence
   875 | D:2      | Killed Terence
   875 | D:2      | Reached skill level 6 in Stealth
   875 | D:2      | Reached XP level 3. HP: 15/21 MP: 3/3
  1109 | D:2      | Reached XP level 4. HP: 21/26 MP: 4/4
  1832 | D:3      | Reached XP level 5. HP: 26/30 MP: 5/5
  1836 | D:3      | Reached skill level 7 in Stealth
  1873 | D:3      | Reached skill level 5 in Short Blades
  2565 | D:3      | Found a faded altar of an unknown god.
  2838 | D:4      | Noticed a water moccasin
  2843 | D:4      | Reached XP level 6. HP: 31/35 MP: 6/6
  2851 | D:4      | Killed a water moccasin
  2851 | D:4      | Reached skill level 8 in Stealth
  3360 | D:4      | Noticed an ogre
  3375 | D:4      | Killed an ogre
  3375 | D:4      | Reached skill level 9 in Stealth
  3375 | D:4      | Reached XP level 7. HP: 5/40 MP: 7/7
  3843 | D:4      | Slain by an ogre

Illustrated notes

Levels and vault maps discovered:
D:1:      ncdulo_watergridlock, layout_basic, okawaru_ov_weapons_minmay
D:2:      layout_loops_ring, nicolae_overflow_hidden_temple, uniq_terence
D:3:      layout_loops_ring, chequers_ecumenical_altar_island
D:4:      layout_loops_ring, minmay_temple_entry_hall,
          hangedman_decor_diamond_cutter

Skill      XL: |  1  2  3  4  5  6 |
---------------+-------------------+-----
Short Blades   | 3 4 5 6 |  6.3
Stealth        | 6 7 9 |  9.9
Fighting       | |  2.1
Throwing       | |  2.1
Dodging        | |  1.2

Action                   |  1- 3 |  4- 6 |  7- 9 || total
-------------------------+-------+-------+-------++-------
Melee: Dagger            |    15 |       |       ||    15
       Falchion          |    16 |   114 |     4 ||   134
Throw: Dart              |     5 |     5 |     7 ||    17
 Stab: Sleeping          |     7 |    19 |       ||    26
Armor: Robe              |     6 |     2 |       ||     8
       Scale mail        |       |    20 |       ||    20
Dodge: Dodged            |    33 |    78 |       ||   111
       Rpst.: Falchion   |     3 |    27 |       ||    30

Table legend: (Time is in decaauts)
 A = Elapsed time spent in this place.
 B = Non-inter-level travel time spent in this place.
 C = Inter-level travel time spent in this place.
 D = Time resting spent in this place.
 E = Time spent auto-exploring this place.
 F = Levels seen in this place.
 G = Mean time per level.
                   A        B        C        D        E       F      G
               +--------+--------+--------+--------+--------+-----+--------+
         Total |   3875 |   3762 |    113 |   1096 |   2114 |   4 |  968.8 |
       Dungeon |   3875 |   3762 |    113 |   1096 |   2114 |   4 |  968.8 |
               +--------+--------+--------+--------+--------+-----+--------+

Top non-repeatable levels by time:
     D:3: 1124 daAuts
     D:4: 1041 daAuts
     D:2: 961 daAuts
     D:1: 748 daAuts
